TOP OF THE 1ST |
Salem Misfits batting - Pitching for Portsmouth Coasties : LHP Jim Unknown
|
Pitching: LHP Jim Unknown
|
|
Batting: SHB Alonso Márquez
|
0-0: Fly out, F5 (Line Drive, 5)
|
Batting: RHB Will Robinson
|
0-0: Called Strike 0-1: Ball 1-1: Foul Ball, location: 2F 1-2: Foul Ball, location: 2F 1-2: Ball 2-2: Ball 3-2: Foul Ball, location: 2F 3-2: Fly out, F8 (Flyball, 8RS)
|
Batting: LHB Iván Flores
|
0-0: Called Strike 0-1: SINGLE (Line Drive, 6D)
|
Batting: LHB Júlio Valentín
|
0-0: Foul Ball, location: 2F 0-1: Ball 1-1: Swinging Strike 1-2: Strikes out swinging
|
Top of the 1st over - 0 run(s), 1 hit(s), 0 error(s), 1 left on base; Salem 0 - Portsmouth 0 |
BOTTOM OF THE 1ST |
Portsmouth Coasties batting - Pitching for Salem Misfits : RHP Robert Neal
|
Pitching: RHP Robert Neal
|
|
Batting: RHB José Masaferro
|
0-0: Called Strike 0-1: Ball 1-1: Ball 2-1: Ball 3-1: Called Strike 3-2: SINGLE (Groundball, 6MD) (infield hit)
|
Batting: RHB José Villegas
|
0-0: Ball 1-0: Ball 2-0: Foul Ball, location: 2F 2-1: Ball 3-1: Fielders Choice at 2nd, 5-4 (Groundball, 56)
|
Batting: RHB Pablo Lugo
|
0-0: Ball 1-0: Ball 2-0: Ball 3-0: Swinging Strike 3-1: Foul Ball, location: 2F 3-2: Strikes out swinging
|
Batting: SHB Jim Bunker
|
0-0: Ball 1-0: Called Strike 1-1: Ball 2-1: Ball 3-1: Fielders Choice at 2nd, 6-4 (Groundball, 6)
|
Bottom of the 1st over - 0 run(s), 1 hit(s), 0 error(s), 0 left on base; Salem 0 - Portsmouth 0 |
TOP OF THE 2ND |
Salem Misfits batting - Pitching for Portsmouth Coasties : LHP Jim Unknown
|
Batting: RHB Raúl Reyna
|
0-0: Fly out, F9 (Flyball, 89M)
|
Batting: RHB Jong-duk Kim
|
0-0: Swinging Strike 0-1: Swinging Strike 0-2: Ball 1-2: Strikes out swinging
|
Batting: SHB Emílio Gonzáles
|
0-0: Ball 1-0: Fly out, F7 (Line Drive, 7S)
|
Top of the 2nd over - 0 run(s), 0 hit(s), 0 error(s), 0 left on base; Salem 0 - Portsmouth 0 |
BOTTOM OF THE 2ND |
Portsmouth Coasties batting - Pitching for Salem Misfits : RHP Robert Neal
|
Batting: LHB Pedro Rodríguez
|
0-0: Swinging Strike 0-1: Ball 1-1: Foul Ball, location: 2F 1-2: Ball 2-2: SOLO HOME RUN (Line Drive, 9LD), Distance : 374 ft
|
Batting: RHB Ángel Ruezga
|
0-0: Ball 1-0: Ball 2-0: Ball 3-0: Base on Balls
|
Batting: RHB Dave Davis
|
0-0: Ball 1-0: Swinging Strike 1-1: Ball Ángel Ruezga is caught stealing 2nd base 2-1: SINGLE (Line Drive, 5D)
|
Batting: LHB José Rodríguez
|
0-0: Ball 1-0: Ball 2-0: Foul Ball, location: 2F 2-1: Foul Ball, location: 2F 2-2: Ball 3-2: Base on Balls Dave Davis to second
|
Batting: RHB John Aston
|
0-0: Ball 1-0: Ball 2-0: Foul Ball, location: 2F 2-1: TRIPLE (Line Drive, 8LM) Dave Davis scores José Rodríguez scores
|
Batting: RHB José Masaferro
|
0-0: Called Strike 0-1: Ball 1-1: Foul Ball, location: 2F 1-2: Ball 2-2: Ground out 1-3 (Groundball, 15S)
|
Batting: RHB José Villegas
|
0-0: Foul Ball, location: 2F 0-1: Swinging Strike 0-2: Strikes out looking
|
Bottom of the 2nd over - 3 run(s), 3 hit(s), 0 error(s), 1 left on base; Salem 0 - Portsmouth 3 |
TOP OF THE 3RD |
Salem Misfits batting - Pitching for Portsmouth Coasties : LHP Jim Unknown
|
Batting: RHB John Townsend
|
0-0: Called Strike 0-1: Called Strike 0-2: Ball 1-2: Ball 2-2: Foul Ball, location: 2F 2-2: Foul Ball, location: 2F 2-2: Fly out, F6 (Line Drive, 6)
|
Batting: SHB Arturo Romero
|
0-0: Called Strike 0-1: Ball 1-1: Ball 2-1: Foul Ball, location: 2F 2-2: Foul Ball, location: 2F 2-2: Fly out, F8 (Line Drive, 8LM)
|
Batting: SHB Alonso Márquez
|
0-0: Ball 1-0: Foul Ball, location: 2F 1-1: Foul Ball, location: 2F 1-2: Ground out 5-3 (Groundball, 5F)
|
Top of the 3rd over - 0 run(s), 0 hit(s), 0 error(s), 0 left on base; Salem 0 - Portsmouth 3 |
BOTTOM OF THE 3RD |
Portsmouth Coasties batting - Pitching for Salem Misfits : RHP Robert Neal
|
Batting: RHB Pablo Lugo
|
0-0: Ball 1-0: Foul Ball, location: 2F 1-1: Ground out 5-3 (Groundball, 5L)
|
Batting: SHB Jim Bunker
|
0-0: Fly out, F8 (Flyball, 8RM)
|
Batting: LHB Pedro Rodríguez
|
0-0: Reached on error, E4 (Groundball, 34)
|
Batting: RHB Ángel Ruezga
|
0-0: Ball 1-0: Ball 2-0: Called Strike 2-1: Fly out, F9 (Flyball, 9M)
|
Bottom of the 3rd over - 0 run(s), 0 hit(s), 1 error(s), 1 left on base; Salem 0 - Portsmouth 3 |
TOP OF THE 4TH |
Salem Misfits batting - Pitching for Portsmouth Coasties : LHP Jim Unknown
|
Batting: RHB Will Robinson
|
0-0: Called Strike 0-1: Swinging Strike 0-2: Foul Ball, location: 2F 0-2: Foul Ball, location: 2F 0-2: Ball 1-2: SINGLE (Line Drive, 34D)
|
Batting: LHB Iván Flores
|
0-0: Ball 1-0: Ball 2-0: Called Strike 2-1: Reached on error, E6 (Groundball, 6) Will Robinson to second
|
Batting: LHB Júlio Valentín
|
0-0: Ball 1-0: Ball 2-0: Ball 3-0: Called Strike 3-1: Called Strike 3-2: Strikes out looking Will Robinson steals 3rd base Batter strikes out. Iván Flores to second
|
Batting: RHB Raúl Reyna
|
0-0: SINGLE (Groundball, 5L) Will Robinson scores Iván Flores to third Runner from 3rd tries for Home, throw and OUT!
|
Batting: RHB Jong-duk Kim
|
0-0: Called Strike 0-1: Fly out, F7 (Line Drive, 78M)
|
Top of the 4th over - 1 run(s), 2 hit(s), 1 error(s), 1 left on base; Salem 1 - Portsmouth 3 |
BOTTOM OF THE 4TH |
Portsmouth Coasties batting - Pitching for Salem Misfits : RHP Robert Neal
|
Batting: RHB Dave Davis
|
0-0: Called Strike 0-1: Called Strike 0-2: Ball 1-2: Foul Ball, location: 2F 1-2: Foul Ball, location: 2F 1-2: Strikes out swinging
|
Batting: LHB José Rodríguez
|
0-0: Called Strike 0-1: Ball 1-1: Fly out, F8 (Flyball, 8RM)
|
Batting: RHB John Aston
|
0-0: Ball 1-0: Ball 2-0: Ball 3-0: Called Strike 3-1: Ground out 4-3 (Groundball, 4M)
|
Bottom of the 4th over - 0 run(s), 0 hit(s), 0 error(s), 0 left on base; Salem 1 - Portsmouth 3 |
TOP OF THE 5TH |
Salem Misfits batting - Pitching for Portsmouth Coasties : LHP Jim Unknown
|
Batting: SHB Emílio Gonzáles
|
0-0: Ground out 5-3 (Groundball, 56S)
|
Batting: RHB John Townsend
|
0-0: Foul Ball, location: 2F 0-1: Ground out 4-3 (Groundball, 4)
|
Batting: SHB Arturo Romero
|
0-0: Ball 1-0: SINGLE (Groundball, 4D)
|
Batting: SHB Alonso Márquez
|
0-0: Swinging Strike 0-1: Swinging Strike 0-2: Ball 1-2: Foul Ball, location: 2F 1-2: Ball 2-2: Strikes out looking
|
Top of the 5th over - 0 run(s), 1 hit(s), 0 error(s), 1 left on base; Salem 1 - Portsmouth 3 |
BOTTOM OF THE 5TH |
Portsmouth Coasties batting - Pitching for Salem Misfits : RHP Robert Neal
|
Batting: RHB José Masaferro
|
0-0: Called Strike 0-1: Foul Ball, location: 2F 0-2: Ball 1-2: SINGLE (Groundball, 56D) (infield hit)
|
Batting: RHB José Villegas
|
0-0: Ball 1-0: Bunted foul 1-1: Sac Bunt - play at first, batter OUT! 3-4 José Masaferro to second
|
Batting: RHB Pablo Lugo
|
0-0: Ground out U3 (Groundball, 3S) José Masaferro to third
|
Batting: SHB Jim Bunker
|
0-0: Called Strike 0-1: Foul Ball, location: 2F 0-2: SINGLE (Line Drive, 8LS) José Masaferro scores
|
Batting: LHB Pedro Rodríguez
|
0-0: Ball 1-0: Ball 2-0: Swinging Strike 2-1: Foul Ball, location: 2F 2-2: Strikes out swinging
|
Bottom of the 5th over - 1 run(s), 2 hit(s), 0 error(s), 1 left on base; Salem 1 - Portsmouth 4 |
TOP OF THE 6TH |
Salem Misfits batting - Pitching for Portsmouth Coasties : LHP Jim Unknown
|
Batting: RHB Will Robinson
|
0-0: Swinging Strike 0-1: Ball 1-1: Called Strike 1-2: Ball 2-2: Foul Ball, location: 2F 2-2: Ball 3-2: Strikes out swinging
|
Batting: LHB Iván Flores
|
0-0: Called Strike 0-1: Foul Ball, location: 2F 0-2: Ball 1-2: Foul Ball, location: 2F 1-2: Strikes out swinging
|
Batting: LHB Júlio Valentín
|
0-0: Ball 1-0: Ball 2-0: Foul Ball, location: 2F 2-1: Ball 3-1: Ground out U3 (Groundball, 3)
|
Top of the 6th over - 0 run(s), 0 hit(s), 0 error(s), 0 left on base; Salem 1 - Portsmouth 4 |
BOTTOM OF THE 6TH |
Portsmouth Coasties batting - Pitching for Salem Misfits : RHP Robert Neal
|
Batting: RHB Ángel Ruezga
|
0-0: SINGLE (Line Drive, 89S)
|
Batting: RHB Dave Davis
|
0-0: Bunted foul 0-1: Bunted foul 0-2: Foul Ball, location: 2F 0-2: Ball 1-2: SINGLE (Line Drive, 6MD) Ángel Ruezga to second
|
Batting: LHB José Rodríguez
|
0-0: Sac Bunt - play at third, runner OUT! 1-5 Dave Davis to second
|
Batting: RHB John Aston
|
0-0: Hit by Pitch Dave Davis to third José Rodríguez to second
|
Batting: RHB José Masaferro
|
0-0: Called Strike 0-1: Called Strike 0-2: Foul Ball, location: 2F 0-2: GRAND SLAM HOME RUN (Flyball, 7D), Distance : 363 ft
|
Pitching: LHP David Cahill
|
|
Batting: RHB José Villegas
|
0-0: Ball 1-0: Ball 2-0: Ball 3-0: Called Strike 3-1: Base on Balls
|
Batting: RHB Pablo Lugo
|
0-0: Ball 1-0: Ball 2-0: Called Strike 2-1: Grounds into double play, 6-4-3 (Groundball, 6)
|
Bottom of the 6th over - 4 run(s), 3 hit(s), 0 error(s), 0 left on base; Salem 1 - Portsmouth 8 |
TOP OF THE 7TH |
Salem Misfits batting - Pitching for Portsmouth Coasties : LHP Jim Unknown
|
Batting: RHB Raúl Reyna
|
0-0: Called Strike 0-1: Ball 1-1: Foul Ball, location: 2F 1-2: Foul Ball, location: 2F 1-2: Ball 2-2: Ball 3-2: Foul Ball, location: 2F 3-2: Strikes out swinging
|
Batting: RHB Jong-duk Kim
|
0-0: Ball 1-0: Ground out 6-3 (Groundball, 6)
|
Batting: SHB Emílio Gonzáles
|
0-0: Fly out, F7 (Flyball, 7LD)
|
Top of the 7th over - 0 run(s), 0 hit(s), 0 error(s), 0 left on base; Salem 1 - Portsmouth 8 |
BOTTOM OF THE 7TH |
Portsmouth Coasties batting - Pitching for Salem Misfits : LHP David Cahill
|
Batting: SHB Jim Bunker
|
0-0: Called Strike 0-1: Fly out, F9 (Flyball, 89D)
|
Batting: LHB Pedro Rodríguez
|
0-0: Ball 1-0: Swinging Strike 1-1: Ground out 6-3 (Groundball, 6)
|
Batting: RHB Ángel Ruezga
|
0-0: Called Strike 0-1: Ball 1-1: Called Strike 1-2: Ball 2-2: Ball 3-2: Ground out 6-3 (Groundball, 6M)
|
Bottom of the 7th over - 0 run(s), 0 hit(s), 0 error(s), 0 left on base; Salem 1 - Portsmouth 8 |
TOP OF THE 8TH |
Salem Misfits batting - Pitching for Portsmouth Coasties : LHP Jim Unknown
|
Batting: RHB John Townsend
|
0-0: Ball 1-0: Foul Ball, location: 2F 1-1: Foul Ball, location: 2F 1-2: Ball 2-2: Ball 3-2: Ground out 6-3 (Groundball, 6)
|
Batting: SHB Arturo Romero
|
0-0: Fly out, F3 (Popup, 3SF)
|
Batting: SHB Alonso Márquez
|
0-0: Called Strike 0-1: Swinging Strike 0-2: Foul Ball, location: 2F 0-2: Foul Ball, location: 2F 0-2: Ball 1-2: Ground out 6-3 (Groundball, 6)
|
Top of the 8th over - 0 run(s), 0 hit(s), 0 error(s), 0 left on base; Salem 1 - Portsmouth 8 |
BOTTOM OF THE 8TH |
Portsmouth Coasties batting - Pitching for Salem Misfits : LHP David Cahill
|
Batting: RHB Dave Davis
|
0-0: Ground out 5-3 (Groundball, 56)
|
Batting: LHB José Rodríguez
|
0-0: SINGLE (Groundball, 25) (infield hit)
|
Pitching: RHP Bryce Randolph
|
|
Batting: RHB John Aston
|
0-0: Called Strike 0-1: Ball 1-1: Ball 2-1: Ball 3-1: Called Strike 3-2: Base on Balls José Rodríguez to second
|
Batting: RHB José Masaferro
|
0-0: Ball 1-0: Ball 2-0: Ball 3-0: Foul Ball, location: 2F 3-1: Foul Ball, location: 2F 3-2: Foul Ball, location: 2F 3-2: Foul Ball, location: 2F 3-2: Foul Ball, location: 2F 3-2: Foul Ball, location: 2F 3-2: Foul Ball, location: 2F 3-2: Base on Balls José Rodríguez to third John Aston to second
|
Batting: RHB José Villegas
|
0-0: Called Strike 0-1: Foul Ball, location: 2F 0-2: Strikes out looking
|
Batting: RHB Pablo Lugo
|
0-0: SINGLE (Line Drive, 8RS) José Rodríguez scores John Aston to third José Masaferro to second
|
Batting: SHB Jim Bunker
|
0-0: Called Strike 0-1: Called Strike 0-2: Ball 1-2: Ball 2-2: Foul Ball, location: 2F 2-2: Ball 3-2: Fly out, F6 (Popup, 6M)
|
Bottom of the 8th over - 1 run(s), 2 hit(s), 0 error(s), 3 left on base; Salem 1 - Portsmouth 9 |
TOP OF THE 9TH |
Salem Misfits batting - Pitching for Portsmouth Coasties : LHP Jim Unknown
|
Pitching: RHP Allen Carlson
|
|
Batting: RHB Will Robinson
|
0-0: Ball 1-0: Foul Ball, location: 2F 1-1: Ball 2-1: Foul Ball, location: 2F 2-2: Foul Ball, location: 2F 2-2: Foul Ball, location: 2F 2-2: DOUBLE (Line Drive, 9LM)
|
Batting: LHB Iván Flores
|
0-0: Foul Ball, location: 2F 0-1: Swinging Strike 0-2: Ball 1-2: Ball 2-2: Foul Ball, location: 2F 2-2: Foul Ball, location: 2F 2-2: Strikes out swinging
|
Batting: LHB Júlio Valentín
|
0-0: Called Strike 0-1: Called Strike 0-2: Ball 1-2: Ball 2-2: 2-RUN HOME RUN (Flyball, 7D), Distance : 362 ft
|
Batting: RHB Raúl Reyna
|
0-0: Ball 1-0: Called Strike 1-1: Ball 2-1: Foul Ball, location: 2F 2-2: Ground out 6-3 (Groundball, 6M)
|
Batting: RHB Jong-duk Kim
|
0-0: Ball 1-0: SINGLE (Groundball, 56D)
|
Batting: SHB Emílio Gonzáles
|
0-0: Ball 1-0: Foul Ball, location: 2F 1-1: Swinging Strike 1-2: Strikes out looking
|
Top of the 9th over - 2 run(s), 3 hit(s), 0 error(s), 1 left on base; Salem 3 - Portsmouth 9 |
|